 Dungeon Crawl Stone Soup version 0.27-a0-1065-ge809cff456 (webtiles) character file.

Game seed: 14398269768542323842

10720 Cheivey the Cleaver (level 11, -5/102 HPs)
             Began as a Minotaur Berserker on Apr 23, 2021.
             Was a High Priest of Trog.
             Slain by a dire elephant (19 damage)
             ... in a Gauntlet.
             The game lasted 00:16:00 (13617 turns).

Cheivey the Cleaver (Minotaur Berserker)           Turns: 13617, Time: 00:16:00

Health: -5/102     AC: 16    Str: 24    XL:     11   Next: 39%
Magic:  0/10       EV: 13    Int:  4    God:    Trog [*****.]
Gold:   288        SH:  0    Dex: 11    Spells: 10/10 levels left

rFire    . . .     SeeInvis .   g - +1 war axe (freeze)
rCold    . . .     Faith    .   (no shield)
rNeg     . . .     Spirit   +   r - +2 chain mail {rPois}
rPois    +         Reflect  .   (helmet restricted)
rElec    .         Harm     .   h - +1 cloak
rCorr    .         Rampage  .   (no gloves)
Will     .....     NoTele   +   (no boots)
Stlth    ..........             i - amulet of guardian spirit
HPRegen  0.27/turn              y - +4 ring of evasion
MPRegen  0.12/turn              (no ring)

@: on berserk cooldown, very slightly contaminated, studying Armour, invisible
A: horns 2, retaliatory headbutt
a: Renounce Religion, Berserk, Trog's Hand, Brothers in Arms


You were in a Gauntlet.
You worshipped Trog.
Trog was extremely pleased with you.
You visited 1 branch of the dungeon, and saw 11 of its levels.
You also visited: Gauntlet.

You collected 468 gold pieces.
You spent 180 gold pieces at shops.

Inventory:

Hand Weapons
 g - a +1 war axe of freezing (weapon)
Missiles
 z - a curare-tipped dart
Armour
 b - a +1 animal skin
 h - a +1 cloak (worn)
 r - a +2 chain mail of poison resistance (worn)
 A - a +0 plate armour
Jewellery
 i - an amulet of guardian spirit (around neck)
 s - a ring of fire
 y - a +4 ring of evasion (left hand)
Wands
 o - a wand of polymorph (10)
 u - a wand of charming (7)
 w - a wand of acid (12)
Scrolls
 a - a scroll of identify
 d - a scroll of torment
 e - 3 scrolls of magic mapping
 f - 2 scrolls of immolation
 n - 3 scrolls of teleportation
 v - a scroll of enchant weapon
Potions
 c - 3 potions of curing
 j - 2 potions of might
 k - a potion of invisibility
 l - a potion of mutation
 p - a potion of ambrosia
 q - a potion of haste


   Skills:
 + Level 11.3 Fighting
 + Level 14.7 Axes
 * Level 11.6 Armour
 - Level 2.4 Dodging


You had 10 spell levels left.
You didn't know any spells.
Your spell library was empty.

Dungeon Overview and Level Annotations

Branches:
Dungeon (11/15)            Temple (0/1) D:6             Orc (0/2) D:9
Gauntlet (1/1)
   Lair: D:8-11

Altars:
Hepliaklqana
Nemelex Xobeh
Qazlal
The Shining One

Shops:
D:2 [

Annotations:
D:8 2 transporters, bilbop's ghost, novice OpCj Gauntlet 8 transporters, 1 runed translucent door


Innate Abilities, Weirdness & Mutations

You have a pair of horns on your head.
You reflexively headbutt those who attack you in melee.


Message History

You barely miss the dire elephant.
The dire elephant is moderately wounded.
You hit the elephant. You freeze the elephant. The dire elephant tramples you!
You hold your ground!
The dire elephant trunk-slaps you. The elephant closely misses you.
The elephant barely misses you.
Unknown command.
You feel much better.
The dire elephant tramples you but does no damage.
The dire elephant barely misses you.
The elephant tramples you but does no damage.
The elephant misses you. The dire elephant tramples you!!
You hold your ground!
The dire elephant closely misses you. The elephant tramples you!
You hold your ground!
The elephant trunk-slaps you but does no damage.
You fade into invisibility!
The dire elephant tramples you!!
* * * LOW HITPOINT WARNING * * *
You hold your ground!
The dire elephant trunk-slaps you but does no damage.
The elephant tramples you but does no damage.
The elephant trunk-slaps you but does no damage.
You are very lightly contaminated with residual magic.
The dire elephant closely misses you. x2
The dire elephant tramples you.
* * * LOW HITPOINT WARNING * * *
You stumble backwards!
You see here an elephant corpse.
The raiju changes into something you cannot see!
The dire elephant tramples you but does no damage.
The dire elephant closely misses you.
The dire elephant tramples you but does no damage.
The dire elephant misses you.
You see here a scroll of amnesia.
You see here the +3 quarterstaff of Cowardice {vorpal, Dex+4 Stlth+}.
You feel yourself speed up. The dire elephant barely misses you. x2
There is a transporter here.
You enter the transporter and appear at another place.
A basilisk appears out of thin air!
The dire elephant tramples you!!
You die...

### ### ### ### ### ### ### ### #
#≈###≈###≈###≈###≈###≈###≈###≈###
≈≈≈#≈≈≈#≈≈≈#≈≈≈#≈≈≈#≈≈≈#≈≈≈#≈≈≈#≈
.................................
##...#########...#########...####
©#.8.#=.#s##l#.8.#.†.....#.8.#...
.#...###..#.##...#?.#.#..#...#...
^######.##..######).#.#..#####..#
##©.©#©.#©##m#©Y@#§.#©#..#©.©#©##
.#...###..#.##.Y.#..#.#..#...###.
.#...##.##..##...#..#.#..#...##..
.#8©8#G.#Y##C#8©8#.......#8©8#...
#################################
.................................
≈≈≈#≈≈≈#≈≈≈#...8⌠8..8∩8..8⌠8...#≈
#≈###≈###≈###.................###
### ### ### ################### #


You could see a dire elephant, an elephant, a merfolk, a cyclops and a basilisk.

Vanquished Creatures
  A two-headed ogre (D:9)
  Urug (D:10)
  A sixfirhy (Gauntlet)
  An elephant (Gauntlet)
  A kobold demonologist (D:11)
  Maggie (D:6)
  2 trolls
  2 hornets (D:7)
  4 slime creatures (D:8)
  Grinder (D:5)
  A wraith (D:9)
  9 yaks (D:10)
  A wyvern (D:8)
  2 steam dragons (D:7)
  Menkaure (D:4)
  2 water moccasins
  Duvessa (D:6)
  A sky beast (D:6)
  3 orc warriors
  2 necrophages
  2 ogres (D:7)
  4 centaurs
  A phantom (D:4)
  8 kobold brigands
  3 wyvern zombies (D:6)
  2 scorpions
  Dowan (D:6)
  A water moccasin zombie (D:7)
  A wyvern skeleton (D:7)
  A howler monkey (D:4)
  3 centaur zombies
  A hound (D:5)
  A jelly (D:4)
  7 orc priests
  A gnoll shaman (D:8)
  A bullfrog skeleton (D:5)
  Terence (D:3)
  5 iguanas
  7 orc wizards
  2 howler monkey zombies
  4 adders
  4 gnolls (D:8)
  2 howler monkey skeletons (D:7)
  A river rat (D:5)
  2 white imps
  3 ufetubi (Gauntlet)
  An adder zombie (D:5)
  An adder skeleton (D:4)
  2 worms
  A dart slug (D:2)
  27 orcs
  8 bats
  12 endoplasms
  3 giant cockroaches
  5 hobgoblins
  9 jackals
  2 quokkas
  15 ball pythons
  6 frilled lizards
  6 goblins
  20 kobolds
  10 rats
235 creatures vanquished.

Vanquished Creatures (collateral kills)
  2 hornets (Gauntlet)
2 creatures vanquished.

Grand Total: 237 creatures vanquished

Notes
Turn   | Place    | Note
-------+----------+-------------------------------------------
     0 | D:1      | Cheivey the Minotaur Berserker began the quest for the Orb.
     0 | D:1      | Reached XP level 1. HP: 19/19 MP: 0/0
   317 | D:1      | Reached XP level 2. HP: 27/27 MP: 1/1
   681 | D:1      | Reached skill level 4 in Axes
  1338 | D:2      | Reached XP level 3. HP: 20/33 MP: 0/2
  1670 | D:2      | Found a faded altar of an unknown god.
  1705 | D:2      | Reached ** piety under Trog
  1926 | D:2      | Found Laarhe's Antique Armour Emporium.
  2558 | D:3      | Reached XP level 4. HP: 21/41 MP: 1/3
  2830 | D:3      | Reached skill level 5 in Axes
  2976 | D:3      | Found a faded altar of an unknown god.
  2977 | D:3      | Found a hazy altar of Hepliaklqana.
  3825 | D:3      | Noticed Terence
  3834 | D:3      | Killed Terence
  3835 | D:3      | Reached XP level 5. HP: 31/47 MP: 2/4
  4134 | D:4      | Reached skill level 5 in Fighting
  4249 | D:4      | Reached *** piety under Trog
  4353 | D:4      | Reached skill level 6 in Axes
  4355 | D:4      | Reached XP level 6. HP: 56/56 MP: 5/5
  4537 | D:4      | Noticed Menkaure
  4544 | D:4      | Killed Menkaure
  4545 | D:4      | Reached skill level 7 in Axes
  4545 | D:4      | Reached skill level 5 in Armour
  4545 | D:4      | Reached XP level 7. HP: 41/62 MP: 6/6
  4946 | D:5      | Entered Level 5 of the Dungeon
  5224 | D:5      | Noticed Grinder
  5231 | D:5      | Paralysed by Grinder for 7 turns
  5237 | D:5      | HP: 4/94 [Grinder (2)]
  5239 | D:5      | Killed Grinder
  5240 | D:5      | Reached skill level 8 in Axes
  5567 | D:5      | Found a glowing drain.
  6180 | D:6      | Reached XP level 8. HP: 18/71 MP: 1/7
  6615 | D:6      | Reached skill level 9 in Axes
  7137 | D:6      | Noticed Maggie
  7150 | D:6      | Killed Maggie
  7565 | D:6      | Found a staircase to the Ecumenical Temple.
  7632 | D:6      | Noticed Duvessa
  7633 | D:6      | Noticed Dowan
  7643 | D:6      | Killed Duvessa
  7651 | D:6      | Killed Dowan
  7652 | D:6      | Reached skill level 10 in Axes
  8147 | D:2      | Bought a runed chain mail for 180 gold pieces
  8350 | D:7      | Reached XP level 9. HP: 55/81 MP: 3/8
  8902 | D:7      | Reached **** piety under Trog
  9097 | D:7      | Paralysed by a hornet for 1 turns
  9104 | D:7      | Reached skill level 11 in Axes
  9495 | D:8      | Found a transporter.
  9497 | D:8      | Found a transporter.
  9498 | D:8      | Noticed bilbop's ghost (novice OpCj)
  9815 | D:8      | Found a glowing golden altar of the Shining One.
  9840 | D:8      | Reached skill level 12 in Axes
  9965 | D:9      | Found a staircase to the Orcish Mines.
 10475 | D:9      | Reached ***** piety under Trog
 10671 | D:9      | Reached XP level 10. HP: 89/91 MP: 7/9
 10912 | D:9      | Noticed a two-headed ogre
 10959 | D:8      | Reached skill level 13 in Axes
 11206 | D:9      | Killed a two-headed ogre
 11207 | D:9      | Reached skill level 10 in Fighting
 11784 | D:10     | Entered Level 10 of the Dungeon
 11788 | D:10     | Found a sparkling altar of Nemelex Xobeh.
 11790 | D:10     | Found a stormy altar of Qazlal.
 11936 | D:10     | Reached skill level 10 in Armour
 12291 | D:10     | Reached skill level 14 in Axes
 12300 | D:10     | Reached XP level 11. HP: 47/101 MP: 7/10
 12712 | D:10     | Noticed Urug
 12722 | D:10     | Killed Urug
 13065 | D:11     | Received a gift from Trog
 13088 | D:11     | Found a gate leading to a gauntlet.
 13104 | Gauntlet | Entered a Gauntlet
 13104 | Gauntlet | Found a transporter.
 13104 | Gauntlet | Noticed a sixfirhy
 13127 | Gauntlet | Identified a scroll of acquirement
 13128 | Gauntlet | Acquired a manual of Armour
 13399 | Gauntlet | Found a transporter.
 13401 | Gauntlet | Found a transporter.
 13402 | Gauntlet | Found a transporter.
 13413 | Gauntlet | Found a transporter.
 13414 | Gauntlet | Found a transporter.
 13418 | Gauntlet | Found a transporter.
 13419 | Gauntlet | Noticed a dire elephant
 13425 | Gauntlet | Found a transporter.
 13425 | Gauntlet | Found a transporter.
 13426 | Gauntlet | Found a transporter.
 13428 | Gauntlet | Noticed a harpy
 13429 | Gauntlet | a harpy changed into a blink frog
 13430 | Gauntlet | Noticed a swamp dragon
 13430 | Gauntlet | a swamp dragon changed into a komodo dragon
 13435 | Gauntlet | Found a transporter.
 13437 | Gauntlet | Found a transporter.
 13438 | Gauntlet | Found a transporter.
 13443 | Gauntlet | Noticed a cacodemon
 13450 | Gauntlet | Found a transporter.
 13457 | Gauntlet | Found a runed translucent door.
 13478 | Gauntlet | Noticed a harpy
 13482 | Gauntlet | a harpy changed into a rime drake
 13486 | Gauntlet | Noticed a fire crab
 13542 | Gauntlet | Killed a sixfirhy
 13594 | Gauntlet | Noticed a death drake
 13615 | Gauntlet | Identified the +3 quarterstaff of Cowardice {vorpal, Dex+4
                  | Stlth+}
 13617 | Gauntlet | Slain by a dire elephant

Illustrated notes

Levels and vault maps discovered:
D:1:      dpeg_arrival_castle, layout_basic, minmay_nonomino_d4
D:2:      layout_loops_cross, shapermc_ecumenical_altar_hornbeckon,
          serial_shops, nicolae_shop_stone, skrybe_limestone_x,
          minmay_misc_feat_alley
D:3:      layout_loops_ring, beargit_hepliaklqana_dungeon_heroes, uniq_terence
D:4:      layout_basic, kennysheep_generic_room_8, uniq_menkaure
D:5:      layout_gridville, portal_sewer_entry_e, uniq_grinder
D:6:      layout_cave_pods, minmay_temple_entry_from_below_a,
          serial_bayou_pond_a, minivault_27, uniq_duvessa, uniq_maggie
D:7:      layout_basic
D:8:      layout_rooms, general_overflow_altar, gammafunk_ghost_mausoleum
D:9:      layout_stronghold, erik_orc_4
D:10:     layout_long_grid, nicolae_overflow_hidden_temple, uniq_urug
D:11:     layout_big_octagon, lair_entry_dummy, gauntlet_entry_generic,
          serial_shops, shop, kennysheep_mini, uniq_gastronok
Gauntlet: gammafunk_gauntlet_77_escape_option
          [minmay_gauntlet_arena_77_checkered,
          minmay_gauntlet_arena_77_two_lines,
          minmay_gauntlet_arena_77_chump_sandwich,
          minmay_gauntlet_arena_77_tiled_triplets,
          minmay_gauntlet_arena_77_path, gauntlet_exit_watery]

Skill      XL: |  1  2  3  4  5  6  7  8  9 10 11 |
---------------+----------------------------------+-----
Axes           | 4 5 6 7 8 10 12 14 | 14.7
Fighting       | 4 5 6 7 9 10 11 | 11.3
Armour         | 3 4 5 6 7 9 10 11 | 11.6
Dodging        | |  2.4

Action                   |  1- 3 |  4- 6 |  7- 9 | 10-12 || total
-------------------------+-------+-------+-------+-------++-------
Melee: Hand axe          |   118 |    44 |       |       ||   162
       Headbutt          |    17 |    17 |    50 |    42 ||   126
       War axe           |       |    64 |   237 |   159 ||   460
Invok: Berserk           |     1 |       |    11 |     4 ||    16
       Brothers in Arms  |       |       |       |     1 ||     1
  Use: Scroll            |     6 |     3 |    12 |     4 ||    25
       Potion            |     3 |       |       |     6 ||     9
 Stab: Sleeping          |     1 |       |       |       ||     1
       Invisible         |       |       |       |     1 ||     1
Armor: Animal skin       |    37 |    28 |    29 |       ||    94
       Chain mail        |       |       |    95 |   146 ||   241
Dodge: Dodged            |    70 |    74 |   126 |   126 ||   396

Table legend: (Time is in decaauts)
 A = Elapsed time spent in this place.
 B = Non-inter-level travel time spent in this place.
 C = Inter-level travel time spent in this place.
 D = Time resting spent in this place.
 E = Time spent auto-exploring this place.
 F = Levels seen in this place.
 G = Mean time per level.
                   A        B        C        D        E       F      G
               +--------+--------+--------+--------+--------+-----+--------+
         Total |  13786 |  13273 |    513 |   2904 |   8689 |  12 | 1148.8 |
       Dungeon |  13263 |  12750 |    513 |   2643 |   8689 |  11 | 1205.7 |
      Gauntlet |    523 |    523 |      0 |    261 |      0 |   1 |  523.0 |
               +--------+--------+--------+--------+--------+-----+--------+

Top non-repeatable levels by time:
     D:6: 1983 daAuts
     D:3: 1591 daAuts
     D:8: 1399 daAuts
     D:1: 1299 daAuts
     D:5: 1293 daAuts
    D:10: 1258 daAuts
     D:2: 1190 daAuts
     D:9: 1099 daAuts
     D:7: 1083 daAuts
     D:4: 1010 daAuts
Gauntlet: 523 daAuts
    D:11: 53 daAuts
